 Dungeon Crawl Stone Soup version 0.19-a0-749-g66ae36b (webtiles) character file.

160 boogeech the Sneak (level 5, -6/44 HPs)
             Began as a Naga Enchanter on June 23, 2016.
             Killed from afar by an orc wizard (8 damage)
             ... with a puff of frost
             ... on level 3 of the Dungeon on June 24, 2016.
             The game lasted 00:25:23 (4282 turns).

boogeech the Sneak (Naga Enchanter)                 Turns: 4282, Time: 00:25:24

Health: -6/44      AC:  3    Str: 11    XL:     5   Next: 41%
Magic:  1/9        EV: 10    Int: 16    God:
Gold:   107        SH:  0    Dex: 11    Spells: 3 memorised, 3 levels left

rFire  . . .     SeeInvis +     o - +1 dagger (holy)
rCold  . . .     Gourm    .     q - +0 leather armour (curse)
rNeg   . . .     Faith    .     (no shield)
rPois  +         Spirit   .     (no helmet)
rElec  .         Dismiss  .     (no cloak)
rCorr  .         Reflect  .     (no gloves)
SustAt .         Harm     .     (no barding)
MR     .....                    (no amulet)
Stlth  +++.......               (no ring)
                                (no ring)

@: very slightly contaminated, very slow, not resistant to hostile enchantments,
fairly stealthy
A: see invisible, deformed body, poison resistance, slowness 2, slow metabolism
1, spit poison 2, AC +1
a: Spit Poison


You were on level 3 of the Dungeon.
You were hungry.

You visited 1 branch of the dungeon, and saw 3 of its levels.

You collected 107 gold pieces.

Inventory:

Hand Weapons
 n - a +0 hunting sling
 o - a +1 dagger of holy wrath (weapon)
 s - a cursed -3 falchion
Armour
 b - a +1 robe
 q - a cursed +0 leather armour (worn)
 r - a +0 buckler
Jewellery
 k - an uncursed ring of sustain attributes {unknown}
Scrolls
 e - 2 scrolls of identify {unknown}
 f - 2 scrolls of recharging {unknown}
 h - 3 scrolls of teleportation {unknown}
 l - a scroll of noise {unknown}
 m - a scroll of blinking {unknown}
 t - 2 scrolls of remove curse {unknown}
Potions
 g - 3 potions of might {unknown}
 i - a potion of heal wounds {unknown}
 j - a potion of curing
 p - a potion of degeneration {unknown}
 u - a potion of agility {unknown}
Books
 c - a book of Maledictions

   Spells                             Type                      Level
   a - Corona                         Hexes                        1
   b - Ensorcelled Hibernation        Hexes/Ice                    2
   c - Confuse                        Hexes                        3
   d - Tukima's Dance                 Hexes                        3
   e - Dazzling Spray                 Conjuration/Hexes            3
Comestibles
 d - a bread ration


   Skills:
 * Level 1.3 Fighting
 + Level 2.0 Short Blades
 + Level 0.8 Armour
 * Level 2.2 Dodging
 + Level 5.2 Stealth
 * Level 2.6 Spellcasting
 + Level 3.8 Hexes


You had 3 spell levels left.
You knew the following spells:

 Your Spells              Type           Power        Failure   Level  Hunger
a - Corona                Hex            ##.....      8%          1    #......
b - Ensorcelled Hibernat  Hex/Ice        #.....       17%         2    ##.....
c - Confuse               Hex            ##......     21%         3    ###....


Dungeon Overview and Level Annotations

Branches:
Dungeon (3/15)

Altars:
Vehumet
Xom
The Shining One


Innate Abilities, Weirdness & Mutations

You cannot wear boots.
Your serpentine skin is tough. (AC +1)
You have supernaturally acute eyesight. (SInv)
Armour fits poorly on your strangely shaped body.
Your system is resistant to poisons. (rPois)
You cover ground very slowly.
You have a slow metabolism.
You can spit poison.


Message History

You hit the orc wizard but do no damage.
The orc wizard is moderately wounded.
The orc wizard hits you with a dagger of protection.
* * * LOW HITPOINT WARNING * * *
The orc wizard gestures at you while chanting.
You resist with some effort.
You barely miss the orc wizard.
The orc wizard is moderately wounded.
The orc wizard hits you with a dagger of protection.
* * * LOW HITPOINT WARNING * * *
The orc wizard hits you with a dagger of holy wrath.
* * * LOW HITPOINT WARNING * * *
The orc wizard hits you with a dagger of protection.
* * * LOW HITPOINT WARNING * * *
You barely miss the orc wizard.
The orc wizard is moderately wounded.
The orc wizard hits you but does no damage. x2
The orc wizard points at you and mumbles some strange words.
The puff of frost hits you!
You die...

..............................###
.#####.#######.#.#####.#.###### #
.................#####.#.# #
###....####..........#.#.# #
.......# #......###.#.#.# #
##.....# #......# #.#.#.# #
.#.....# #..[...# #.#.#.# #
.#.###.# ##.###o# #.#.#.########
.#.###.#####.# #@# #.#.#.........
.............# #o# #.#.##########
.#.###.#########o# #.#...........
.#.......).o.o...# #.############
.###....########## #.# .###....#
#.# .รท##....# #[# #.##....# #.#
#.##....# #.#


You could see 2 orc wizards and an orc.

Vanquished Creatures
  A water moccasin skeleton (D:3)
  4 adders
  A worm (D:2)
  3 dart slugs
  3 giant geckos
  An orc (D:3)
  8 bats
  5 giant cockroaches
  5 goblins
  7 hobgoblins
  8 jackals
  5 kobolds
  A ball python (D:3)
  A giant newt (D:2)
  10 rats
63 creatures vanquished.

Notes
Turn   | Place    | Note
--------------------------------------------------------------
     0 | D:1      | boogeech the Naga Enchanter began the quest for the Orb.
     0 | D:1      | Reached XP level 1. HP: 15/15 MP: 3/3
   193 | D:1      | Reached XP level 2. HP: 8/22 MP: 1/5
   202 | D:1      | HP: 1/22 [jackal (2)]
  1266 | D:1      | Reached XP level 3. HP: 14/28 MP: 4/6
  1417 | D:1      | Learned a level 2 spell: Ensorcelled Hibernation
  1421 | D:1      | Learned a level 3 spell: Confuse
  1673 | D:1      | Found a glowing golden altar of the Shining One.
  1991 | D:1      | Upgraded the game from 0.19-a0-742-g4563caa to 0.19-a0-749-g66ae36b
  2293 | D:2      | Reached XP level 4. HP: 28/37 MP: 7/7
  2436 | D:2      | Reached skill level 5 in Stealth
  3193 | D:2      | Found a radiant altar of Vehumet.
  3194 | D:2      | Found a shimmering altar of Xom.
  3738 | D:3      | Reached skill level 1 in Fighting
  3836 | D:3      | Reached XP level 5. HP: 44/44 MP: 7/9
  4281 | D:3      | HP: 2/44 [orc wizard/dagger of protection (1)]
  4282 | D:3      | Killed from afar by an orc wizard

Vault maps used:
D:1:      matt_arrival_spirals, tso_metal_star
D:2:      gammafunk_temple_overflow_pools
D:3:      st_stairs_13, kennysheep_generic_room_2

Skill      XL: |  1  2  3  4 |
---------------+-------------+-----
Stealth        | 5 |  5.2
Short Blades   | 2 |  2.0
Dodging        | 2 |  2.2
Fighting       | 1 |  1.3
Armour         | |  0.8
Spellcasting   | |  2.6
Hexes          | |  3.8

Action                   |  1- 3 |  4- 6 || total
-------------------------+-------+-------++-------
Melee: Dagger            |   135 |    89 ||   224
 Cast: Corona            |     9 |     3 ||    12
       Ensorcelled Hiber |     1 |     8 ||     9
       Confuse           |       |     1 ||     1
 Abil: Spit Poison       |    18 |    21 ||    39
 Stab: Sleeping          |     5 |     3 ||     8
       Confused          |       |     1 ||     1
  Eat: Chunk             |     4 |     7 ||    11
Armor: Robe              |    39 |    22 ||    61
       Leather armour    |       |     6 ||     6
Dodge: Dodged            |    57 |    53 ||   110
